 Dungeon Crawl Stone Soup version 0.29.1-1-gd02db69 (webtiles) character file.

Game seed: 2835609427492228108

80531 Curry the Bludgeoner (level 15, -3/147 HPs)
             Began as a Minotaur Berserker on Mar 14, 2023.
             Was the Champion of Trog.
             Splashed by an acid blob's acid (7 damage)
             ... on level 2 of the Pits of Slime.
             The game lasted 00:57:47 (26673 turns).

Curry the Bludgeoner (Minotaur Berserker)          Turns: 26673, Time: 00:57:48

Health: -3/147     AC:  2    Str: 33    XL:     15   Next: 24%
Magic:  12/12      EV: 14    Int:  4    God:    Trog [******]
Gold:   1396       SH:  0    Dex:  9    Spells: 14/14 levels left

rFire   + . .      SeeInvis .   F - +2 executioner's axe (drain)
rCold   . . .      Faith    +   (shield currently unavailable)
rNeg    . . .      Spirit   .   a - +6 plate armour
rPois   .          Reflect  .   (helmet restricted)
rElec   .          Harm     .   g - -2 cloak of the Four Seers {Str+3}
rCorr   .          Rampage  .   (no gloves)
Will    +....                   A - +1 pair of boots
Stlth   ..........              z - amulet of faith
HPRegen 0.34/turn               d - +4 ring of evasion
MPRegen 0.13/turn               u - ring of protection from fire

@: corroded, unable to read
A: horns 2, retaliatory headbutt, low MP 1, inability to read after injury 1
a: Renounce Religion, Berserk, Trog's Hand, Brothers in Arms


You were on level 2 of the Pits of Slime.
You worshipped Trog.
Trog was exalted by your worship.
You visited 5 branches of the dungeon, and saw 21 of its levels.

You collected 1728 gold pieces.
You spent 332 gold pieces at shops.

Inventory:

Hand Weapons
 F - a +2 executioner's axe of draining (weapon)
Missiles
 q - 2 throwing nets (quivered)
Armour
 a - a +6 plate armour (worn)
 g - the -2 cloak of the Four Seers (worn) {Str+3}
   (You found it on level 3 of the Dungeon)

   Str:       It affects your strength (+3).
 n - a +0 buckler
 A - a +1 pair of boots (worn)
Jewellery
 d - a +4 ring of evasion (left hand)
 u - a ring of protection from fire (right hand)
 z - an amulet of faith (around neck)
 C - a ring of poison resistance
Wands
 k - a wand of polymorph (8)
 r - a wand of paralysis (7)
 w - a wand of iceblast (12)
 x - a wand of digging (6)
 B - a wand of flame (12)
Scrolls
 i - a scroll of identify
 t - 2 scrolls of fear
 y - a scroll of silence
 D - a scroll of summoning
Potions
 b - 7 potions of curing
 c - 2 potions of might
 e - a potion of cancellation
 h - a potion of magic
 j - 2 potions of brilliance
 l - 2 potions of lignification
 m - 5 potions of flight
 o - a potion of degeneration
 p - a potion of haste
 s - 2 potions of attraction
 v - a potion of resistance
 E - a potion of ambrosia


   Skills:
 + Level 17.3 Fighting
 + Level 3.2 Long Blades
 + Level 9.2(14.7) Axes
 + Level 18.1(18.9) Maces & Flails
 + Level 17.4 Armour
 + Level 5.0 Dodging
 + Level 2.5 Stealth
 + Level 4.9 Shields


You had 14 spell levels left.
You didn't know any spells.
Your spell library was empty.

Dungeon Overview and Level Annotations

Branches:
Dungeon (11/15)            Temple (0/1) D:4            Lair (5/5) D:11
 Shoals (0/4) Lair:2       Spider (1/4) Lair:3        Slime (2/5) Lair:5
    Orc (2/2) D:9             Elf (0/3) Orc:2

Altars:
Elyvilon
Kikubaaqudgha
Okawaru
Qazlal
Ru
Trog
Uskayaw
Vehumet
Wu Jian
Zin
The Shining One
Jiyva

Shops:
D:2 *   D:10 (   Orc:1 =   Orc:2 ![:([(

Annotations:
D:8 4 transporters, crazyjoe98's ghost, novice OpHW
Orc:1 Harold


Innate Abilities, Weirdness & Mutations

You have a pair of horns on your head.
You reflexively headbutt those who attack you in melee.
Your magical capacity is low. (-10% MP)
You occasionally lose the ability to read scrolls when taking damage.


Message History

There is a stone staircase leading down here.
You climb downwards.
The acid blob quivers.
Found an escape hatch in the floor.
There is a stone staircase leading up here.
You climb upwards.
There is a stone staircase leading down here.
There is a staircase back to the Lair, spattered with blood here.
You can't go down here!
There is a stone staircase leading down here.
You climb downwards.
There is a stone staircase leading up here.
The acid blob spits acid at you. The splash of acid hits you!!
The acid corrodes you! The acid blob spits acid at you.
The splash of acid hits you! The acid corrodes you!
The acid blob spits acid at you. The splash of acid hits you!!
The acid blob hits you. The acid corrodes you!
You are splashed with acid!
You slice the acid blob!! You drain the acid blob. The acid corrodes you!
Your hands burn!
The acid blob is moderately wounded.
The acid blob closely misses you. You furiously retaliate!
You headbutt the acid blob. The acid blob hits you! The acid corrodes you!
You are splashed with acid!
You hit the acid blob but do no damage.
Your hands burn!
* * * LOW HITPOINT WARNING * * *
The acid blob is moderately wounded.
The acid blob misses you.
You slash the acid blob! You drain the acid blob.
Your hands burn!
* * * LOW HITPOINT WARNING * * *
The acid blob is heavily wounded.
The acid blob spits acid at you. The splash of acid hits you!
* * * LOW HITPOINT WARNING * * *
The acid blob hits you!!
You feel threatened and lose the ability to read scrolls!
* * * LOW HITPOINT WARNING * * *
The acid corrodes you!
You are splashed with acid!
You die...

#. ....>.....## ...
...........# #..#
.........##
#.#.###........###
.................##
..................#
#.................#
#..J@...<.....#
#............##
#..............#
#................
#.....#...........
......#.........#.#
.....#.#..###......
........### ...#.


You could see an acid blob (drained).

Vanquished Creatures
  2 acid blobs (Slime:1)
  3 rockslimes
  2 quicksilver oozes (Slime:1)
  2 dire elephants (Lair:5)
  Josephine (D:10)
  5 hydras
  2 boulder beetles
  Erolcha (Orc:2)
  4 ogre magi (Orc:2)
  4 two-headed ogres
  2 catoblepae
  11 death yaks
  A fire crab (Lair:5)
  A spectral death yak (Lair:5)
  A spectral anaconda (Lair:5)
  A glowing orange brain (D:10)
  An obsidian statue (Lair:5)
  An orc knight (Orc:1)
  A steelbarb worm (Spider:1)
  3 necromancers (Lair:5)
  A shining eye (Slime:1)
  An ugly thing (D:10)
  5 orc sorcerers (Orc:2)
  A manticore (D:9)
  A cyclops (Orc:2)
  6 black mambas
  20 elephants
  A merfolk siren (Lair:2)
  4 torpor snails
  A gargoyle (D:11)
  18 cane toads
  Maggie (D:7)
  An unseen horror (D:10)
  9 komodo dragons
  A merfolk (Lair:2)
  2 meliai (Lair:3)
  Grinder (D:5)
  4 trolls
  7 slime creatures
  2 tarantellas
  3 spectral elephants (Lair:5)
  Prince Ribbit (D:8)
  21 blink frogs
  6 wraiths
  5 basilisks
  2 redbacks (Spider:1)
  5 wyverns
  44 yaks
  2 death yak simulacra (Lair:5)
  A vampire mosquito (D:10)
  Edmund (D:6)
  2 wargs
  2 spectral cane toads (Lair:5)
  3 acid dragons
  17 water moccasins
  Duvessa (D:6)
  8 orc warriors
  2 elephant zombies (Lair:5)
  2 black bears
  An ice beast (D:4)
  17 wolves
  4 centaurs
  An elephant skeleton (Lair:5)
  7 ogres
  3 phantoms
  2 kobold brigands
  10 bullfrogs
  A necrophage (D:5)
  3 gnoll sergeants
  2 scorpions
  A cane toad simulacrum (Lair:5)
  Dowan (D:6)
  8 wights
  18 killer bees
  An elephant simulacrum (Lair:5)
  3 electric eels (Lair:2)
  A howler monkey (D:10)
  3 bullfrog zombies (D:6)
  A centaur zombie (D:6)
  2 hounds
  A bullfrog skeleton (D:6)
  9 orc priests
  2 gnoll boudas
  An iguana (D:7)
  32 orc wizards
  6 adders
  15 gnolls
  A shadow imp (D:7)
  A white imp (D:6)
  An ufetubus (D:6)
  A worm (D:2)
  4 dart slugs
  57 orcs
  6 endoplasms
  4 giant cockroaches
  5 goblins
  7 hobgoblins
  7 quokkas
  8 ball pythons
  5 bats
  5 frilled lizards
  19 kobolds
  3 rats
  A withered plant (Lair:5)
555 creatures vanquished.

Vanquished Creatures (others)
  27 fungi
  25 plants
  18 withered plants (Lair:5)
70 creatures vanquished.

Grand Total: 625 creatures vanquished

Notes
Turn   | Place    | Note
-------+----------+-------------------------------------------
     0 | D:1      | Curry the Minotaur Berserker began the quest for the Orb.
     0 | D:1      | Reached XP level 1. HP: 19/19 MP: 0/0
    29 | D:1      | Reached XP level 2. HP: 11/27 MP: 1/1
   840 | D:1      | Reached XP level 3. HP: 33/33 MP: 2/2
  1458 | D:2      | Found Anlizxuy's General Store.
  1475 | D:2      | Reached ** piety under Trog
  1476 | D:2      | Bought a +0 ring mail for 44 gold pieces
  1668 | D:2      | Reached XP level 4. HP: 41/41 MP: 3/3
  1703 | D:2      | You fall into a shaft and drop 1 floor!
  2346 | D:3      | Reached skill level 5 in Fighting
  2346 | D:3      | Reached skill level 5 in Axes
  2520 | D:3      | Identified the -2 cloak of the Four Seers {Str+3}
  2677 | D:3      | Found a bloodstained altar of Trog.
  2752 | D:3      | Noticed an ogre
  2762 | D:3      | Killed an ogre
  2763 | D:3      | Reached XP level 5. HP: 26/48 MP: 4/4
  3276 | D:4      | Reached XP level 6. HP: 56/56 MP: 5/5
  3321 | D:4      | Noticed an ice beast
  3348 | D:4      | Killed an ice beast
  3468 | D:4      | Found a staircase to the Ecumenical Temple.
  4481 | D:5      | Entered Level 5 of the Dungeon
  4574 | D:5      | Found a sand-covered staircase.
  4683 | D:5      | Reached XP level 7. HP: 56/61 MP: 6/6
  4799 | D:5      | Reached skill level 5 in Armour
  5916 | D:6      | Noticed Grinder
  5924 | D:5      | Reached *** piety under Trog
  5927 | D:5      | Paralysed by Grinder for 4 turns
  5934 | D:5      | Killed Grinder
  5935 | D:5      | Reached skill level 1 in Maces & Flails
  5935 | D:5      | Reached XP level 8. HP: 29/71 MP: 7/7
  6180 | D:6      | Identified the +7 scimitar of Calamity {flame, Int+3}
  6216 | D:6      | Noticed Edmund
  6224 | D:6      | Killed Edmund
  6225 | D:6      | Reached skill level 1 in Long Blades
  6225 | D:6      | Reached skill level 2 in Maces & Flails
  6364 | D:6      | Reached skill level 3 in Maces & Flails
  6444 | D:6      | Noticed Duvessa
  6444 | D:6      | Noticed Dowan
  6448 | D:6      | Killed Duvessa
  6449 | D:6      | Reached skill level 1 in Stealth
  6463 | D:6      | Killed Dowan
  6874 | D:6      | Reached skill level 4 in Maces & Flails
  7022 | D:6      | Reached XP level 9. HP: 79/79 MP: 8/8
  7802 | D:7      | Noticed Maggie
  7813 | D:7      | Killed Maggie
  7814 | D:7      | Reached skill level 5 in Maces & Flails
  7814 | D:7      | Reached skill level 1 in Shields
  8244 | D:7      | Found a sacrificial altar of Ru.
  8454 | D:7      | Found an ancient bone altar of Kikubaaqudgha.
  8873 | D:8      | Found a transporter.
  8879 | D:8      | Found a transporter.
  8881 | D:8      | Found a transporter.
  8882 | D:8      | Found a transporter.
  8882 | D:8      | Noticed a two-headed ogre
  9104 | D:8      | Reached skill level 6 in Maces & Flails
  9220 | D:8      | Found a hide-covered altar of Uskayaw.
  9260 | D:8      | Noticed Prince Ribbit
  9273 | D:8      | Killed Prince Ribbit
  9628 | D:8      | Reached **** piety under Trog
  9636 | D:8      | Found a transporter.
  9640 | D:8      | Killed a two-headed ogre
  9641 | D:8      | Reached skill level 7 in Maces & Flails
  9826 | D:8      | Found a transporter.
  9846 | D:8      | Noticed crazyjoe98's ghost (novice OpHW)
  9848 | D:8      | Noticed a two-headed ogre
  9851 | D:8      | Noticed a moth of wrath
  9861 | D:8      | Found a bloodstained altar of Trog.
  9905 | D:8      | Reached XP level 10. HP: 75/90 MP: 9/9
 10431 | D:9      | Found a staircase to the Orcish Mines.
 10591 | Orc:1    | Entered Level 1 of the Orcish Mines
 10592 | Orc:1    | Noticed an orc knight
 10598 | Orc:1    | Reached skill level 8 in Maces & Flails
 10619 | Orc:1    | Killed an orc knight
 11072 | Orc:2    | Entered Level 2 of the Orcish Mines
 11091 | Orc:2    | Found Lawapruf's Antique Weapon Shoppe.
 11099 | Orc:2    | Bought an ivory dire flail for 288 gold pieces
 11099 | Orc:2    | Identified the +9 dire flail "Beetleslayer" {vorpal, MP+9
                  | Int-2 Dex+6 Stlth+} (You bought it in a shop on level 2 of
                  | the Orcish Mines)
 11257 | Orc:2    | Reached ***** piety under Trog
 11258 | Orc:2    | Reached skill level 9 in Maces & Flails
 11412 | Orc:2    | Found a staircase to the Elven Halls.
 11489 | Orc:2    | Found Doohuj's Antique Weapon Shop.
 11509 | Orc:2    | Noticed a cyclops
 11518 | Orc:2    | Killed a cyclops
 11594 | Orc:2    | Noticed a two-headed ogre
 11606 | Orc:2    | Killed a two-headed ogre
 11607 | Orc:2    | Reached skill level 10 in Maces & Flails
 11853 | Orc:2    | Noticed an orc sorcerer
 11860 | Orc:2    | Killed an orc sorcerer
 11878 | Orc:2    | Found Salaz's Antique Armour Emporium.
 11898 | Orc:2    | Found an ancient bone altar of Kikubaaqudgha.
 11898 | Orc:2    | Noticed an orc sorcerer
 11900 | Orc:2    | Noticed a rust devil
 11904 | Orc:2    | Noticed an orc sorcerer
 11905 | Orc:2    | Noticed a smoke demon
 11915 | Orc:2    | Killed an orc sorcerer
 11916 | Orc:2    | Reached skill level 10 in Fighting
 11916 | Orc:2    | Reached XP level 11. HP: 92/99 MP: 10/10
 11918 | Orc:2    | Killed an orc sorcerer
 11919 | Orc:2    | Reached skill level 11 in Maces & Flails
 11938 | Orc:2    | Noticed an ogre mage
 11945 | Orc:2    | Killed an ogre mage
 11946 | Orc:2    | Reached skill level 10 in Armour
 11952 | Orc:2    | Noticed an ogre mage
 12079 | Orc:2    | Killed an ogre mage
 12102 | Orc:2    | Found Uwnidizar's Book Emporium.
 12107 | Orc:2    | Noticed an orc sorcerer
 12108 | Orc:2    | Noticed Erolcha
 12196 | Orc:2    | Noticed an ogre mage
 12218 | Orc:2    | Killed an ogre mage
 12280 | Orc:2    | Found a radiant altar of Vehumet.
 12280 | Orc:2    | Noticed an ogre mage
 12283 | Orc:2    | Reached skill level 12 in Maces & Flails
 12295 | Orc:2    | Killed an ogre mage
 12298 | Orc:2    | Noticed a sixfirhy
 12298 | Orc:2    | Killed Erolcha
 12299 | Orc:2    | Noticed a sixfirhy
 12455 | Orc:2    | Killed an orc sorcerer
 12777 | Orc:2    | Noticed an orc sorcerer
 12795 | Orc:2    | Killed an orc sorcerer
 12871 | Orc:2    | Found Kickih's Antique Armour Shoppe.
 12923 | Orc:2    | Found Meva's Distillery.
 13048 | Orc:1    | Noticed Harold
 13048 | Orc:1    | Found Imyelaonoi's Jewellery Emporium.
 13390 | D:9      | Reached skill level 13 in Maces & Flails
 13568 | D:9      | Received a gift from Trog
 14072 | D:10     | Entered Level 10 of the Dungeon
 14127 | D:10     | Noticed a cyan ugly thing
 14141 | D:10     | Killed a cyan ugly thing
 14254 | D:10     | Noticed Josephine
 14271 | D:10     | Killed Josephine
 14272 | D:10     | Reached XP level 12. HP: 110/110 MP: 11/11
 14309 | D:10     | Found an iron altar of Okawaru.
 14310 | D:10     | Found an ornate altar of the Wu Jian Council.
 14312 | D:10     | Found a stormy altar of Qazlal.
 14347 | D:10     | Found Loechuh's Weapon Shoppe.
 14474 | D:10     | Noticed a two-headed ogre
 14489 | D:10     | Killed a two-headed ogre
 14490 | D:10     | Reached skill level 14 in Maces & Flails
 14913 | D:10     | Found a glowing golden altar of the Shining One.
 14913 | D:10     | Found a glowing silver altar of Zin.
 14913 | D:10     | Found a white marble altar of Elyvilon.
 15112 | D:10     | Lost intelligence.
 16251 | D:11     | Noticed a two-headed ogre
 16253 | D:11     | Found a staircase to the Lair.
 16256 | D:11     | Killed a two-headed ogre
 16429 | Lair:1   | Entered Level 1 of the Lair of Beasts
 16464 | Lair:1   | Received a gift from Trog
 16470 | Lair:1   | Reached skill level 15 in Maces & Flails
 16473 | Lair:1   | Reached ****** piety under Trog
 16731 | Lair:1   | Noticed a boulder beetle
 16739 | Lair:1   | Killed a boulder beetle
 16880 | Lair:1   | Reached XP level 13. HP: 119/119 MP: 12/12
 18979 | Lair:2   | Found a staircase to the Shoals.
 19560 | Lair:3   | Found a hole to the Spider Nest.
 19577 | Spider:1 | Entered Level 1 of the Spider Nest
 20228 | Lair:3   | Reached skill level 16 in Maces & Flails
 20882 | Lair:4   | Reached skill level 15 in Armour
 20938 | Lair:4   | Identified the +8 quarterstaff of Bussy {vorpal, rCorr}
                  | (Trog gifted it to you on level 4 of the Lair of Beasts)
 20938 | Lair:4   | Received a gift from Trog
 21428 | Lair:4   | Reached XP level 14. HP: 120/133 MP: 13/13
 21702 | Lair:4   | Reached skill level 15 in Fighting
 21980 | Lair:5   | Entered Level 5 of the Lair of Beasts
 22695 | Lair:5   | Reached skill level 17 in Maces & Flails
 23389 | Lair:5   | Received a gift from Trog
 23682 | Lair:5   | Found a viscous altar of Jiyva.
 23682 | Lair:5   | Found a staircase to the Slime Pits.
 23858 | Slime:1  | Entered Level 1 of the Pits of Slime
 23860 | Slime:1  | Noticed a rockslime
 23883 | Slime:1  | Noticed an acid blob
 23889 | Lair:5   | Killed a rockslime
 24080 | Slime:1  | Noticed a quicksilver ooze
 24082 | Slime:1  | Killed a quicksilver ooze
 24087 | Slime:1  | Killed an acid blob
 24350 | Slime:1  | Noticed an acid blob
 25161 | Lair:5   | Reached XP level 15. HP: 115/146 MP: 14/14
 25647 | Lair:5   | Reached skill level 18 in Maces & Flails
 26242 | Slime:1  | Killed an acid blob
 26461 | Slime:1  | Noticed a rockslime
 26469 | Slime:1  | Killed a rockslime
 26469 | Slime:1  | Noticed a rockslime
 26475 | Slime:1  | Killed a rockslime
 26480 | Slime:1  | Gained mutation: Your magical capacity is low. (-10% MP) [a
                  | shining eye]
 26482 | Slime:1  | Gained mutation: You occasionally lose the ability to read
                  | scrolls when taking damage. [a shining eye]
 26496 | Slime:1  | Reached skill level 5 in Dodging
 26647 | Slime:2  | Noticed an acid blob
 26673 | Slime:2  | HP: 4/147 [acid blob (21)]
 26673 | Slime:2  | Splashed by an acid blob's acid

Illustrated notes

Levels and vault maps discovered:
D:1:      amcnicky_arrival_blooded_trapdoor, layout_basic
D:2:      layout_basic, serial_shops,
          nicolae_shop_temple_entry_statues_fountains, serial_rivers,
          chequers_serial_rivers_small_3, chequers_serial_rivers_small_b,
          chequers_serial_rivers_marsh, chequers_serial_rivers_large_a,
          chequers_serial_rivers_small_b, chequers_serial_rivers_micro_b,
          st_stairs_5, minmay_misc_feat_tiny
D:3:      layout_loops_ring, lemuel_doored_altar
D:4:      layout_cave_pods, minmay_temple_entry_trees,
          hangedman_abyss_or_decor_lesser_grid
D:5:      layout_layer_cave, nicolae_ossuary_entry_monument
D:6:      layout_loops_cross, serial_undead, serial_undead_c, serial_undead_c,
          serial_undead_d, serial_undead_a, kennysheep_cross_room,
          minmay_misc_feat_nine_boxes, uniq_edmund, uniq_duvessa, uniq_grinder
D:7:      layout_layer_cave, mainiacjoe_overflow_small_starburst,
          nicolae_kikubaaqudgha_miasma_corner, uniq_maggie
D:8:      layout_loops_ring, mainiacjoe_overflow_24_doors,
          gammafunk_ghost_wrathful_warriors, nicolae_diode_intersection,
          uniq_prince_ribbit1
D:9:      layout_gridville, david_orc_3
D:10:     layout_long_grid, good_gods_mini_temple, grunt_temple_overflow_open,
          serial_shops, nicolae_shop_bloodbath_and_beyond, minmay_crystal_room,
          nzn_random_ring, uniq_josephine
D:11:     layout_loops_cross, lair_entry_dummy, uniq_erica
Lair:1:   layout_chaotic_city
Lair:2:   layout_roguey, elwin_shoals_entry_rooms, serial_bayou_shore_b,
          grunt_megastairs_1, infiniplex_staircase_pool, serial_bayou_shore_a
Lair:3:   layout_long_grid, spider_nest_entry_rubble
Lair:4:   nzn_winding_woodlands_stair_cross
          [nzn_winding_woodlands_5x15_longhouse,
          nzn_winding_woodlands_center_pierced_h,
          nzn_winding_woodlands_5x15_zeroes, nzn_winding_woodlands_5x5_three,
          nzn_winding_woodlands_5x5_default, nzn_winding_woodlands_5x15_pockets,
          nzn_winding_woodlands_center_triple_pond,
          nzn_winding_woodlands_5x15_crooked], layout_regular_city,
          infiniplex_staircase_pool_2
Lair:5:   due_jungle_book, layout_big_grid, slime_entry_1
Spider:1: layout_spider_delve
Slime:1:  layout_caves
Slime:2:  cheibrodos_slime_lost_civilization_8, layout_caves
Orc:1:    layout_diamond_mine, serial_shops, shop, uniq_harold, uniq_fannar
Orc:2:    kennysheep_orc_mage_school, layout_diamond_mine, serial_shops,
          nicolae_shop_overgrown_old_shop, shop

Skill      XL: |  1  2  3  4  5  6  7  8  9 10 11 12 13 14 15 |
---------------+----------------------------------------------+-----
Fighting       | 4 5 6 7 8 10 11 12 14 16 17 | 17.3
Axes           | 4 5 7 8 9 |  9.2
Armour         | 3 4 6 8 9 11 13 15 17 | 17.4
Dodging        | 3 4 5 |  5.0
Maces & Flails | 1 4 7 10 13 15 16 17 18 | 18.1
Long Blades    | 3 |  3.2
Stealth        | 1 2 |  2.5
Shields        | 3 4 |  4.9

Action                   |  1- 3 |  4- 6 |  7- 9 | 10-12 | 13-15 || total
-------------------------+-------+-------+-------+-------+-------++-------
Melee: Hand axe          |    57 |   144 |    33 |       |       ||   234
       Headbutt          |     8 |    26 |    35 |    81 |   181 ||   331
       Punch             |       |     1 |       |       |       ||     1
       Flail             |       |       |   209 |    88 |       ||   297
       Scimitar          |       |       |    11 |       |       ||    11
       Dire flail        |       |       |       |   413 |   627 ||  1040
       Executioner's axe |       |       |       |       |    20 ||    20
Invok: Berserk           |       |       |     3 |     3 |     3 ||     9
  Use: Scroll            |     2 |     6 |     6 |     7 |    15 ||    36
       Potion            |       |       |     4 |     3 |     5 ||    12
 Stab: Petrified         |       |       |       |       |     1 ||     1
Armor: Animal skin       |     9 |       |       |       |       ||     9
       Ring mail         |       |     5 |       |       |       ||     5
       Plate armour      |       |    37 |   139 |   137 |   365 ||   678
Dodge: Dodged            |    41 |    86 |   210 |   295 |   393 ||  1025
Block: Buckler           |       |       |    39 |    22 |       ||    61
